 Dungeon Crawl Stone Soup version 0.25-a0-613-gf4b266557c (webtiles) character file.

Game seed: 3513276575067742801, levelgen mode: classic

81 EnegeticOcto the Skirmisher (level 4, -19/38 HPs)
             Began as a Mummy Chaos Knight on Mar 17, 2020.
             Was a Plaything of Xom.
             Demolished by an eldritch tentacle (30 damage)
             ... called by the severe capriciousness of Xom
             ... on level 2 of the Dungeon.
             The game lasted 00:02:04 (1291 turns).

EnegeticOcto the Skirmisher (Mummy Chaos Knight)    Turns: 1291, Time: 00:02:05

Health: -19/38     AC:  8    Str: 16    XL:     4   Next: 20%
Magic:  13/13      EV: 11    Int: 11    God:    Xom [......]
Gold:   27         SH:  0    Dex: 11    Spells: 3/3 levels left

rFire    x . .     SeeInvis .   f - +2 flail (protect)
rCold    + . .     Gourm    .   (no shield)
rNeg     + + +     Faith    .   b - +2 leather armour
rPois    ∞         Spirit   .   g - +2 helmet
rElec    .         Reflect  .   (no cloak)
rCorr    .         Harm     .   (no gloves)
MR       .....                  (no boots)
Stlth    +.........             e - amulet of regeneration
HPRegen  0.52/turn              d - ring of magical power
MPRegen  0.13/turn              (no ring)

@: no status effects
A: no food or potions, fire vulnerability, cold resistance 1, negative energy
resistance 3, torment resistance, unbreathing
a: Renounce Religion


You were on level 2 of the Dungeon.
You worshipped Xom.
You were a very special plaything of Xom.
You were not hungry.

You visited 1 branch of the dungeon, and saw 2 of its levels.

You collected 27 gold pieces.

Inventory:

Hand Weapons
 a - a +0 mace of chaos
 f - a +2 flail of protection (weapon)
Missiles
 i - a throwing net (quivered) {!f}
Armour
 b - a +2 leather armour (worn)
 g - a +2 helmet (worn)
Jewellery
 d - a ring of magical power (left hand)
 e - an amulet of regeneration (around neck)
Scrolls
 c - 4 scrolls of identify {unknown}
 h - a scroll of enchant armour {unknown}


   Skills:
 + Level 4.4 Fighting
 * Level 3.1 Maces & Flails
 - Level 1.5 Armour
 - Level 0.7 Dodging


You had 3 spell levels left.
You didn't know any spells.
Your spell library was empty.

Dungeon Overview and Level Annotations

Branches:
Dungeon (2/15)

Altars:
Gozag
Kikubaaqudgha


Innate Abilities, Weirdness & Mutations

You do not eat or drink.
Your flesh is vulnerable to fire.
You are immune to poison.
Your flesh is cold resistant. (rC+)
You are immune to negative energy. (rN+++)
You are immune to unholy pain and torment.
You can survive without breathing.


Message History

Your weapon exudes an aura of protection.
The goblin is moderately wounded.
The goblin hits you. The goblin hits you but does no damage.
Robin barely misses you. The goblin barely misses you.
You sock the goblin!
You kill the goblin!
The goblin closely misses you. Robin closely misses you.
You closely miss the goblin. The goblin hits you but does no damage.
Robin hits you but does no damage.
You closely miss the goblin. The goblin misses you.
Robin hits you from afar with a +0 trident.
You hit the goblin.
The goblin is moderately wounded.
The goblin no longer looks unusually strong.
The goblin hits you but does no damage.
Robin roars a battlecry!
The goblin goes into a battle-frenzy!
You thump the goblin!
You kill the goblin!
You have reached level 4!
Robin says, "My goblins will feast on your bones."
Robin hits you but does no damage.
The hobgoblin no longer looks unusually strong.
You see here a goblin corpse.
You barely miss the hobgoblin.
The goblin no longer looks unusually strong.
The hobgoblin hits you but does no damage.
You sock the hobgoblin!
You kill the hobgoblin!
You thump the goblin!
You kill the goblin! "Get over here!"
Robin blinks!
Robin hits you but does no damage.
Things that are here:
a +0 dagger; a goblin corpse x2
Robin closely misses you.
You closely miss Robin. Robin barely misses you.
You hit Robin.
Robin is lightly wounded.
Robin hits you with a +0 trident.
You sock Robin!
Robin is heavily wounded.
Robin barely misses you.
You hit Robin.
Robin is almost dead.
Robin hits you with a +0 trident. Robin hits you but does no damage.
You closely miss Robin.
Robin is almost dead.
Robin closely misses you.
You barely miss Robin.
Robin is almost dead.
Robin's horned helmet rattles.
Robin closely misses you.
You hit Robin but do no damage.
Robin is almost dead.
Robin's horned helmet rattles.
Robin hits you with a +0 trident.
You sock Robin!
You kill Robin!
No target in view!
No target in view!
No target in view!
No target in view!
No target in view!
No target in view!
No target in view!
No target in view!
No target in view!
No target in view!
No target in view!
No target in view!
No target in view!
g - a +2 helmet
Items here: ))))) [ ††† You start putting on your armour.
You continue putting on your +2 helmet. x4
You finish putting on your +2 helmet.
Xom is getting BORED.
h - a scroll labeled DEXUCY RAMYKI
i - a throwing net {!f}
c - 4 scrolls labeled SAKIATW JOOSA (gained 2) Xom is getting BORED.
There is an open door here.
There is an ancient bone altar of Kikubaaqudgha here.
You open the door.
You are now a BORING thing.
You open the door. Xom's attention turns to you.
The dungeon shakes, a horrible noise fills the air, and a portal to some otherworldly place is opened!
You are now a very special plaything of Xom.
An eldritch tentacle comes into view.
The eldritch tentacle barely misses you.
The eldritch tentacle claws you!!
Ouch! That really hurt!
* * * LOW HITPOINT WARNING * * *
Xom roars with laughter!
The eldritch tentacle sears you!!
Ouch! That really hurt!
You die...
Xom roars with laughter!

########## .........#
.........# ##############
.........# #............#
.........# #>...........#
.........# #.....^.##'#.#
†........# #...@.#+#..#.#
.........# #..w..#.§.≈#.#
##.###...# #.│§..#.≈≈≈#.#
.....##### #.*...#.≈###.#
8...8.#######.§§..#'##...#
......#!.....!>_.........#
.._.....######'###########
......### #.#
8...8.########.#


You could see an eldritch tentacle.

Vanquished Creatures
  Robin (D:2)
  2 adders (D:2)
  A worm (D:2)
  5 dart slugs
  A leopard gecko (D:1)
  2 ball pythons (D:1)
  A giant cockroach (D:1)
  9 goblins
  5 hobgoblins
  4 jackals (D:1)
  A kobold (D:2)
  2 bats
  3 rats
37 creatures vanquished.

Notes
Turn   | Place    | Note
-------+----------+-------------------------------------------
     0 | D:1      | EnegeticOcto the Mummy Chaos Knight began the quest for the
                  | Orb.
     0 | D:1      | Reached XP level 1. HP: 18/18 MP: 1/1
   101 | D:1      | Reached XP level 2. HP: 23/24 MP: 2/2
   245 | D:1      | XOM: divination: detect items
   529 | D:1      | Reached skill level 4 in Fighting
   980 | D:2      | Reached XP level 3. HP: 30/30 MP: 3/3
  1035 | D:2      | Found an opulent altar of Gozag.
  1128 | D:2      | Found an ancient bone altar of Kikubaaqudgha.
  1154 | D:2      | XOM: 2-stop teleportation journey
  1155 | D:2      | Noticed Robin
  1195 | D:2      | Reached XP level 4. HP: 29/38 MP: 4/4
  1200 | D:2      | XOM: blink monster(s)
  1210 | D:2      | Killed Robin
  1287 | D:2      | XOM is BORED!
  1287 | D:2      | XOM: severe Summ miscast
  1291 | D:2      | Demolished by an eldritch tentacle

Levels and vault maps discovered:
D:1:      dpeg_arrival_boxes_within_box, layout_basic
D:2:      layout_basic, overflow_temple_1_default, kennysheep_nondescript,
          grunt_gozag_statues, uniq_robin

Skill      XL: |  1  2  3 |
---------------+----------+-----
Fighting       | 4 |  4.4
Maces & Flails | 3 |  3.1
Armour         | |  1.5
Dodging        | |  0.7

Action                   |  1- 3 |  4- 6 || total
-------------------------+-------+-------++-------
Melee: Mace              |    51 |       ||    51
       Flail             |    61 |    11 ||    72
Armor: Leather armour    |    67 |     4 ||    71
Dodge: Dodged            |    83 |     6 ||    89

Table legend:
 A = Non-vault XP
 B = Vault XP
 C = Vault XP percentage of total XP
 D = Non-vault monster count
 E = Vault monster count
 F = Vault count percentage of total count
                 A         B        C        D         E       F
            +---------+---------+-------+---------+---------+-------
      Total |      82 |      35 |  29.9 |      26 |      11 |  29.7
            +---------+---------+-------+---------+---------+-------
        D:1 |      38 |       0 |   0.0 |      16 |       0 |   0.0
        D:2 |      44 |      35 |  44.3 |      10 |      11 |  52.4
            +---------+---------+-------+---------+---------+-------
